AoeStats
← NuMa | Gacha

Arena

506220538Analyzed
4v4 RM · 21d ago on Sep 12, 2026· 45m 23s· 8 players
Game mode
Random Map
Map size
Large (8 player)
Population
200
Speed
Normal
Resources
Standard
Victory
Conquest
Starting age
Dark Age
Ending age
Imperial Age
RankedLock teamsTeams togetherTeam positionsShared explorationLock speedFull tech treeHidden civsTurbo modeCheats
Victory
Defeat
🇨🇳 Persians · China
1325
+10
🇺🇾 Britons · Uruguay
1302
+11
🇮🇳 Franks · India
1279
+12
🇺🇸 Cumans · United States
1255
+13
🇵🇱 Cumans · Poland
1328
-16
🇨🇴 Persians · Colombia
1274
-14
🇨🇴 Italians · Colombia
1093
-8
🇨🇴 Turks · Colombia
1079
-28
el manuck
10:34 Feudal Age
11:14 Double-Bit Axe
12:25 Horse Collar
15:08 Loom
22:37 Castle Age
21:53 Bloodlines
21:50 Scale Barding Armor
22:21 Gold Mining
23:39 Chain Barding Armor
23:54 Capped Ram
25:04 Bow Saw
26:16 Forging
28:45 Iron Casting
33:06 Heavy Plow
41:58 Imperial Age
40:05 Wheelbarrow
40:03 Steppe Husbandry
41:09 Town Watch
42:53 Siege Ram
43:38 Elite Steppe Lancer
44:55 Plate Barding Armor
46:22 Blast Furnace
45:51 Conscription
VedtheAssasin
11:00 Feudal Age
14:45 Castle Age
13:09 Double-Bit Axe
16:30 Bow Saw
21:05 Wheelbarrow
20:17 Loom
21:16 Stone Mining
22:28 Gold Mining
28:38 Imperial Age
27:12 Gold Shaft Mining
27:29 Hand Cart
27:50 Fervor
27:50 Husbandry
27:57 Scale Barding Armor
29:24 Forging
29:02 Cavalier
31:49 Chain Barding Armor
33:26 Plate Barding Armor
32:55 Paladin
34:25 Conscription
34:19 Paladin
36:05 Iron Casting
38:17 Blast Furnace
41:25 Elite Throwing Axeman
42:01 Town Watch
43:07 Town Patrol
43:43 #83
44:01 Hoardings
43:28 Scale Mail Armor
jinzhi
11:57 Feudal Age
12:30 Double-Bit Axe
12:31 Horse Collar
15:18 Castle Age
15:02 Wheelbarrow
16:21 Bow Saw
16:12 Heavy Plow
21:50 Hand Cart
22:16 Town Watch
23:01 Gold Mining
23:02 Stone Mining
23:11 Stone Mining
28:49 Imperial Age
26:43 Scale Barding Armor
26:48 Forging
26:42 Loom
28:07 Gold Shaft Mining
28:07 Stone Shaft Mining
27:56 Chain Barding Armor
28:51 Devotion
29:45 Crop Rotation
30:17 Two-Man Saw
29:57 Plate Barding Armor
29:57 Iron Casting
29:34 Guilds
29:49 Conscription
29:45 Husbandry
29:58 Bloodlines
30:00 Elite War Elephant
32:32 Faith
39:50 Hoardings
39:26 Citadels
40:32 Blast Furnace
39:44 Murder Holes
40:09 Ballistics
42:23 Masonry
43:13 Chemistry
El Carajito De La Flecha
11:06 Feudal Age
15:00 Castle Age
13:38 Double-Bit Axe
13:46 Gold Mining
14:24 Fletching
16:21 Bodkin Arrow
18:23 Crossbowman
21:42 Padded Archer Armor
27:21 Leather Archer Armor
29:43 Ballistics
31:35 Loom
Hellemperor
9:34 Feudal Age
11:20 Double-Bit Axe
11:35 Horse Collar
16:59 Forging
21:03 Castle Age
21:19 Bloodlines
21:15 Scale Barding Armor
23:04 Chain Barding Armor
22:43 Gold Mining
27:24 Iron Casting
26:49 Loom
27:39 Wheelbarrow
26:49 Town Watch
27:36 Bow Saw
28:45 Gold Shaft Mining
32:04 Pikeman
32:45 Squires
32:46 Padded Archer Armor
32:47 Scale Mail Armor
34:38 Hand Cart
34:23 Town Patrol
35:25 Chain Mail Armor
38:38 Imperial Age
38:42 Arson
38:52 Halberdier
38:58 Halberdier
39:39 Padded Archer Armor
41:08 Plate Mail Armor
41:38 Blast Furnace
NuMa | Gacha
10:52 Feudal Age
14:51 Castle Age
16:41 Double-Bit Axe
16:55 Stone Mining
18:05 Loom
21:41 Crossbowman
25:37 Wheelbarrow
25:08 Gold Mining
26:15 Horse Collar
26:28 Fletching
27:23 Heavy Plow
28:13 Hand Cart
31:59 Imperial Age
32:00 Bodkin Arrow
33:34 Elite Genoese Crossbowman
34:36 Conscription
DeadlyAgus
13:28 Feudal Age
11:44 Loom
14:26 Double-Bit Axe
19:06 Castle Age
18:37 Gold Mining
23:33 Imperial Age
26:33 Padded Archer Armor
33:20 Leather Archer Armor
NuMa | DraKKo
10:33 Feudal Age
15:26 Castle Age
13:43 Double-Bit Axe
14:18 Horse Collar
16:53 Bow Saw
21:40 Heavy Plow
24:23 Gold Mining
25:11 Wheelbarrow
26:22 Hand Cart
26:15 Loom
26:21 Fletching
30:48 Imperial Age
28:19 Husbandry
28:30 Bloodlines
28:36 Scale Barding Armor
28:41 Forging
30:40 Chain Barding Armor
30:55 Iron Casting
30:27 Light Cavalry
30:27 Heavy Camel Rider
30:28 Cavalier
31:10 Cavalier
31:32 Cavalier
33:27 Plate Barding Armor
33:53 Blast Furnace
33:49 Savar
39:28 Citadels
Connection lost

Rejoining the realm…

Still unreachable

The connection could not be restored.

Session expired

The server has moved on; the page needs a fresh start.